 Dungeon Crawl Stone Soup version 0.17.0-28-g6e173f8 (webtiles) character file.

492 Ijustatesigmund the Magician (level 6, -1/32 HPs)
             Began as a Deep Elf Conjurer on Dec 3, 2015.
             Was an Initiate of Vehumet.
             Slain by Sigmund
             ... wielding a +0 scythe
              (8 damage)
             ... on level 5 of the Dungeon.
             The game lasted 00:12:58 (4151 turns).

Ijustatesigmund the Magician (Deep Elf Conjurer)    Turns: 4151, Time: 00:12:59

Health: -1/32      AC:  7    Str:  5    XL:     6   Next: 91%
Magic:  7/17       EV: 13    Int: 25    God:    Vehumet [......]
Gold:   297        SH:  0    Dex: 15    Spells: 5 memorised, 3 levels left

rFire  . . .     SeeInvis .     e - +1 mace (protect)
rCold  . . .     Clarity  .     a - +0 robe
rNeg   . . .     SustAt   .     (no shield)
rPois  .         Gourm    .     (no helmet)
rElec  .         Spirit   .     (no cloak)
rCorr  .         Warding  .     (no gloves)
rMut   .         Stasis   .     (no boots)
MR     .....                    (no amulet)
Stlth  ++........               (no ring)
                                q - +3 ring of intelligence

@: very slightly contaminated, not resistant to hostile enchantments, unstealthy
A: no striking features
a: Renounce Religion


You were on level 5 of the Dungeon.
You worshipped Vehumet.
Vehumet was noncommittal.
You were hungry.

You visited 2 branches of the dungeon, and saw 7 of its levels.

You collected 297 gold pieces.

Inventory:

Hand Weapons
 e - a +1 mace of protection (weapon)
Missiles
 j - 7 javelins of returning (quivered)
Armour
 a - a +0 robe (worn)
Jewellery
 q - a +3 ring of intelligence (left hand)
Scrolls
 l - a scroll of fog
Potions
 f - 2 potions of haste
 g - 2 potions of lignification {unknown}
 h - 3 potions of curing
 k - a potion of magic {unknown}
 p - a potion of invisibility {unknown}
Books
 b - a book of Conjurations

   Spells                             Type                      Level
   a - Magic Dart                     Conjuration                  1
   b - Searing Ray                    Conjuration                  2
   c - Dazzling Spray                 Conjuration/Hexes            3
   d - Fulminant Prism                Conjuration/Hexes            4
   e - Iskenderun's Mystic Blast      Conjuration                  4
   f - Iskenderun's Battlesphere      Conjuration/Charms           5
Comestibles
 c - 3 bread rations
 d - 8 fruits
 i - a royal jelly
 m - 2 chunks of flesh
 n - a slice of pizza


   Skills:
 - Level 2.4 Dodging
 - Level 2.4 Stealth
 + Level 6.5 Spellcasting
 - Level 5.7 Conjurations
 + Level 4.6 Hexes
 * Level 3.6 Charms


You had 3 spell levels left.
You knew the following spells:

 Your Spells              Type           Power        Failure   Level  Hunger
a - Magic Dart            Conj           ####         1%          1    None
b - Searing Ray           Conj           #####.       1%          2    None
c - Dazzling Spray        Conj/Hex       ####....     2%          3    None
d - Iskenderun's Mystic   Conj           #####...     10%         4    ###....
e - Iskenderun's Battles  Conj/Chrm      ####....     34%         5    #####..


Dungeon Overview and Level Annotations

Branches:
Dungeon (6/15)             Temple (1/1) D:4

Altars:
Ashenzari
Cheibriados
Dithmenos
Elyvilon
Gozag
Kikubaaqudgha
Makhleb
Okawaru
Qazlal
Ru
Trog
Vehumet
Xom
Yredelemnul
Zin
The Shining One

Annotations:
D:5 Pikel, Sigmund


Message History

Confirm with . or Enter, or press ? or * to list all spells.
Aiming: Searing Ray
Press: ? - help, Shift-Dir - straight line, f/p - slave
Aim: a slave, wearing an animal skin (heavily wounded)
The searing ray hits the slave.
The slave is heavily wounded.
The slave hits you.
* * * LOW HITPOINT WARNING * * *
The searing ray hits the slave.
The slave is almost dead.
The slave hits you.
* * * LOW HITPOINT WARNING * * *
The searing ray hits the slave.
You kill the slave!
That felt strangely unrewarding.
The searing ray hits the slave.
The slave is severely wounded.
The searing ray hits something.
The slave closely misses you. Something hits you!
You die...

##### ##...##
##.....## #.......#
#.. #.......#
######## ...
#.......# #.@p{..#
##.##
##.....######.####.##
#...# #............#
#...# #..$#
#.############ #.#p#
#...# ####.# #...#
#...# #....#
###p#######....
#.######
####.##........[
.......#
#....>....pKp.5.
#.##.#.#
#....##.........


You could see a slave.

Vanquished Creatures
  An ice beast (D:6)
  A slave (D:5)
  A giant frog (D:6)
  A scorpion (D:4)
  Ijyb (D:3)
  An iguana (D:6)
  2 worker ants (D:4)
  8 adders
  4 worms
  6 orcs
  A ball python (D:3)
  10 bats
  3 giant cockroaches
  6 goblins
  11 hobgoblins
  4 jackals (D:3)
  2 quokkas
  10 giant geckos
  2 giant newts
  11 kobolds
  10 rats
96 creatures vanquished.

Notes
Turn   | Place    | Note
--------------------------------------------------------------
     0 | D:1      | Ijustatesigmund the Deep Elf Conjurer began the quest for the Orb.
     0 | D:1      | Reached XP level 1. HP: 10/10 MP: 6/6
   239 | D:1      | Reached XP level 2. HP: 15/15 MP: 6/8
   243 | D:1      | Learned a level 2 spell: Searing Ray
   800 | D:2      | Reached XP level 3. HP: 19/19 MP: 7/10
   805 | D:2      | Learned a level 3 spell: Dazzling Spray
  1009 | D:2      | Reached skill level 5 in Conjurations
  1009 | D:2      | Reached skill level 1 in Hexes
  1117 | D:2      | Found a bloodstained altar of Trog.
  1383 | D:2      | Found a basalt altar of Yredelemnul.
  1412 | D:2      | Reached XP level 4. HP: 10/24 MP: 6/12
  2223 | D:3      | Found a shadowy altar of Dithmenos.
  2224 | D:3      | Reached skill level 5 in Spellcasting
  2367 | D:3      | Found a stormy altar of Qazlal.
  2450 | D:3      | Reached XP level 5. HP: 28/28 MP: 11/14
  2505 | D:3      | Noticed Ijyb
  2514 | D:3      | Killed Ijyb
  2878 | D:4      | Found an iron altar of Okawaru.
  3036 | D:4      | Reached skill level 6 in Spellcasting
  3036 | D:4      | Reached XP level 6. HP: 25/32 MP: 11/17
  3215 | D:4      | Learned a level 4 spell: Iskenderun's Mystic Blast
  3221 | D:4      | Learned a level 5 spell: Iskenderun's Battlesphere
  3377 | D:4      | Found an opulent altar of Gozag.
  3511 | D:4      | Found a staircase to the Ecumenical Temple.
  3520 | Temple   | Entered the Ecumenical Temple
  3665 | Temple   | Became a worshipper of Vehumet
  3900 | D:5      | Entered Level 5 of the Dungeon
  3953 | D:5      | Noticed Sigmund
  4085 | D:5      | Noticed Pikel
  4151 | D:5      | Slain by Sigmund

Action                   |  1- 3 |  4- 6 || total
-------------------------+-------+-------++-------
Melee: Mace              |     5 |     4 ||     9
 Cast: Magic Dart        |    85 |   105 ||   190
       Searing Ray       |     2 |    10 ||    12
  Use: Scroll            |     5 |     5 ||    10
       Potion            |       |     2 ||     2
  Eat: Chunk             |     1 |     8 ||     9
